 Dungeon Crawl Stone Soup version 0.30-a0-1123-gabc949cf19 (webtiles) character file.

Game seed: 17231654836612660562

1576493 meatpath the Conqueror (level 25, 248/257 HPs)
             Began as a Minotaur Berserker on Apr 21, 2023.
             Was a Priest of Trog.
             Escaped with the Orb
             ... and 3 runes on Apr 22, 2023!
             The game lasted 04:31:38 (76687 turns).

meatpath the Conqueror (Minotaur Berserker)        Turns: 76687, Time: 04:31:39

Health: 248/257    AC: 38    Str: 30      XL:     25   Next: 99%
Magic:  6/6        EV: 24    Int: 11 (13) God:    Trog [***...]
Gold:   3998       SH:  0    Dex: 19      Spells: 24/24 levels left

rFire   + . .        b - +9 executioner's axe (antimagic)
rCold   + + .        (shield currently unavailable)
rNeg    + . .        d - +9 plate armour {rN+}
rPois   .            R - +2 hat {Will+}
rElec   .            W - scarf "Wiwiosch" {rC+ rF+, Will+ Int+3 Dex+3}
rCorr   .            G - +2 pair of gloves {infuse}
SInv    .            o - +2 pair of boots
Will    ++++.        w - amulet of faith Stlth
                     h - ring "Heutiem" {rF+ rC+ Will+ Int+4 Stlth-}
HPRegen 1.42/turn    O - ring "Zyobrav" {Dex+6 Slay+5}
MPRegen 0.10/turn

%: faith, infuse magic (1 MP)
@: studying Unarmed Combat
A: horns 2, retaliatory headbutt, deterioration 2, low MP 1, regeneration 1,
screaming 2, teleportitis 1, weak 1, heat vulnerability 1, inability to read
after injury 1, devolution 1
0: Orb of Zot
}: 3/15 runes: barnacled, silver, gossamer
a: Renounce Religion, Berserk, Trog's Hand


You escaped.
You worshipped Trog.
Trog was most pleased with you.
You visited 10 branches of the dungeon, and saw 50 of its levels.
You visited 1 bazaar.
You also visited: Ossuary, Bailey and Volcano.

You collected 7094 gold pieces.
You spent 3096 gold pieces at shops.

Inventory:

Hand Weapons
 b - a +9 antimagic executioner's axe (weapon)
 T - a +6 executioner's axe of flaming
Missiles
 H - 5 throwing nets (quivered)
Armour
 d - a +9 plate armour of positive energy (worn)
 o - a +2 pair of boots (worn)
 G - a +2 pair of gloves of infusion (worn)
 R - a +2 hat of willpower (worn)
 W - the scarf "Wiwiosch" (worn) {rC+ rF+, Will+ Int+3 Dex+3}
   (You found it on level 5 of the Vaults)

   Int:       It affects your intelligence (+3).
   Dex:       It affects your dexterity (+3).
   Will:      It increases your willpower.
Jewellery
 h - the ring "Heutiem" (left hand) {rF+ rC+ Will+ Int+4 Stlth-}
   (You took it off a deep elf annihilator on level 3 of the Elven Halls)

   [ring of protection from cold]

   Int:       It affects your intelligence (+4).
   rF:        It protects you from fire.
   rC:        It protects you from cold.
   Will:      It increases your willpower.
   Stlth:     It makes you less stealthy.
 q - a ring of flight
 u - a ring of resist corrosion
 w - an amulet of faith (around neck)
 F - a ring of see invisible
 O - the ring "Zyobrav" (right hand) {Dex+6 Slay+5}
   (You found it on level 2 of the Lair of Beasts)

   [ring of dexterity]

   Dex:       It affects your dexterity (+6).
   Slay:      It affects your accuracy & damage with ranged weapons and melee
   (+5).
Wands
 a - a wand of light (4)
 j - a wand of polymorph (22)
 k - a wand of charming (39)
 l - a wand of flame (114)
 N - a wand of roots (78)
 P - a wand of digging (2)
 X - a wand of mindburst (19)
Scrolls
 e - 2 scrolls of fear
 f - 4 scrolls of torment
 m - 2 scrolls of brand weapon
 n - 5 scrolls of magic mapping
 p - 12 scrolls of teleportation
 v - 5 scrolls of butterflies
 y - 3 scrolls of fog
 A - 5 scrolls of poison
 Q - a scroll of silence
 U - 15 scrolls of identify
Potions
 c - 14 potions of curing
 r - a potion of might
 s - 7 potions of flight
 t - 2 potions of mutation
 x - 2 potions of resistance
 z - 4 potions of cancellation
 D - 5 potions of berserk rage
 K - 6 potions of ambrosia
 L - 7 potions of invisibility
 S - 5 potions of attraction
Miscellaneous
 E - a box of beasts (inert)
 M - a lightning rod (4/4)


   Skills:
 O Level 27 Fighting
 - Level 24.3 Axes
 - Level 20.4 Armour
 + Level 26.5 Dodging
 + Level 19.4 Evocations


You had 24 spell levels left.
You didn't know any spells.
Your spell library was empty.

Dungeon Overview and Level Annotations

Branches:
Dungeon (15/15)            Temple (0/1) D:5            Lair (5/5) D:10
 Shoals (4/4) Lair:3       Spider (4/4) Lair:3        Slime (0/5) Lair:5
    Orc (2/2) D:10            Elf (3/3) Orc:2        Vaults (5/5) D:14
  Crypt (3/3) Vaults:2       Tomb (0/3) Crypt:3      Depths (4/4) D:15
    Zot (5/5) Depths:4    Ossuary (visited)          Bailey (visited)
Volcano (visited)

Altars:
Ashenzari
Dithmenos
Elyvilon
Fedhas
Kikubaaqudgha
Nemelex Xobeh
Okawaru
Qazlal
Trog
Uskayaw
Vehumet
Wu Jian
Xom
Yredelemnul
Zin
Jiyva

Shops:
D:2 :   D:14 ***   Orc:2 **=?   Elf:1 !=   Shoals:2 (   Vaults:2 (
Depths:1 (=[

Portals:
Hell: Depths:1 Depths:2 Depths:3 Depths:4
Abyss: Depths:1 Depths:4
Pandemonium: Depths:2 Depths:3
Ziggurat: Depths:4
Trove: Depths:4 (give +6 demon whip)

Annotations:
D:10 6 transporters
Shoals:4 2 transporters, GigaChad's ghost, adept MiFi


Innate Abilities, Weirdness & Mutations

You have a pair of horns on your head.
You reflexively headbutt those who attack you in melee.
Your body often deteriorates upon taking damage.
Your magical capacity is low. (-10% MP)
Your natural rate of healing is unusually fast.
You frequently scream uncontrollably at your foes.
You are occasionally teleported next to monsters.
You are weak. (Str -2)
You are vulnerable to heat. (rF-)
You occasionally lose the ability to read scrolls when taking damage.
You have hidden genetic defects.


Message History

There is a stone staircase leading down here.
As you read the scroll of fog, it crumbles to dust.
The scroll dissolves into smoke.
The cacodemon moves out of view.
The orange demon moves out of view. x2; The sixfirhy moves out of view.
You hear a grinding noise.
The orange demon screeches!
The sixfirhy hits you but does no damage.
You hear a grinding noise.
Aiming: Dig
Press: ? - help, Shift-Dir - straight line A rock wall.
This square is covered in magical glow.
The rock shatters into small pieces.
The sixfirhy hits you but does no damage.
The sixfirhy misses you. You furiously retaliate!
You headbutt the sixfirhy. The sixfirhy barely misses you.
The sixfirhy hits you. The sixfirhy shocks you!
The sixfirhy hits you but does no damage.
Some rock shatters into small pieces.
The sixfirhy misses you.
The cacodemon gestures at the rock wall.
You hear a grinding noise.
The sixfirhy attacks as you move away! The sixfirhy barely misses you.
You furiously retaliate!
You headbutt the sixfirhy. The sixfirhy completely misses you.
You furiously retaliate!
You headbutt the sixfirhy!! The sixfirhy completely misses you.
The sixfirhy hits you but does no damage.
The cacodemon gestures next to the orange demon.
You hear a grinding noise.
The sixfirhy attacks as you move away! The sixfirhy hits you!
The sixfirhy shocks you! The sixfirhy closely misses you.
The sixfirhy misses you. You furiously retaliate!
You headbutt the sixfirhy!!
You kill the sixfirhy!
Trog accepts your kill.
You hear a grinding noise.
You hear a grinding noise.
There is an open door here.
You hear a grinding noise.
There is a staircase leading out of the dungeon here.
You have escaped!

#.##.##..#######.##..#### ####.#
#.##.##..# #....# #.# ..##.##..#
#..4.# #.#
####.##..#######4...##### #.#
####.##.................#######.#
......>.........................#
###.#####.....##'##.....##.######
#.# #....##...##...###.# #.#
#....#..@..#...# #.##### #.#
#....##...##...# #.....#
##.#####.....##+##....# #####.#
###....................# #.##
#########..............# #...
..### #.#####..##.##.# #### #.##
#............#.### #... #.#
####...#####.....#####.## #.#
####...# #.#.#....##.##


You could see 2 orange demons.

Vanquished Creatures
  A dread lich (Zot:5)
  12 orbs of fire (Zot:5)
  Mennas (Depths:4)
  3 ancient liches
  Mara (Elf:3)
  A juggernaut (Depths:2)
  Frederick (Depths:4)
  2 Killer Klowns (Zot:5)
  Boris (twice) (Crypt:2 Depths:4)
  Margery (Depths:4)
  Xtahua (Crypt:1)
  A golden dragon (Vaults:5)
  4 bone dragons
  A Brimstone Fiend (D:15)
  3 electric golems
  Zenata (Crypt:2)
  A walking crystal tome (Depths:2)
  10 tentacled monstrosities
  A titan (Vaults:5)
  6 liches
  21 Orb Guardians (Zot:5)
  3 quicksilver dragons
  2 deep elf blademasters (Elf:3)
  2 deep elf master archers (Elf:3)
  7 sphinxes
  2 death cobs (Zot:5)
  4 shadow dragons
  5 ancient champions
  2 storm dragons (Zot:2)
  A revenant (Crypt:2)
  A draconian monk (Zot:2)
  2 draconian knights
  7 tengu reavers
  6 fire giants
  Ilsuiw (Shoals:3)
  17 vault wardens
  6 ghost moths
  A balrug (Depths:4)
  3 deep elf sorcerers
  11 frost giants
  5 emperor scorpions
  4 draconian scorchers
  5 curse skulls
  Aizul (Spider:1)
  2 draconian stormcallers (Zot:5)
  A draconian shifter (Zot:2)
  An orc warlord (Vaults:1)
  3 deep elf elementalists
  2 draconian annihilators
  Louise (D:14)
  A spriggan defender (Depths:3)
  A reaper (Crypt:2)
  5 war gargoyles
  17 stone giants
  17 very ugly things
  19 ironbound preservers
  11 vampire knights
  8 ironbound thunderhulks
  8 deep elf annihilators
  2 broodmothers
  6 yellow draconians
  2 purple draconians
  5 green draconians
  3 white draconians
  12 dire elephants
  A spark wasp (shapeshifter) (Vaults:5)
  5 red draconians
  6 black draconians
  5 deep elf demonologists
  6 spark wasps
  3 crystal guardians
  2 eidola
  5 merfolk impalers
  Josephine (Spider:1)
  8 ettins
  8 jiangshi
  A mummy priest (Crypt:3)
  9 fire dragons
  6 merfolk javelineers
  9 deep elf death magi
  18 yaktaur captains
  10 entropy weavers
  A great orb of eyes (shapeshifter) (Vaults:4)
  4 rakshasas
  7 great orbs of eyes
  33 vault guards
  5 hydras
  4 deep elf high priests
  7 ice dragons
  5 peacekeepers
  4 ogre magi
  3 spriggan air magi
  20 centaur warriors
  A catoblepas (Lair:5)
  2 merfolk avatars
  A hell beast (Depths:3)
  An alligator snapping turtle (shapeshifter) (Vaults:5)
  6 boulder beetles
  6 deep troll earth magi
  A bennu zombie (Crypt:2)
  5 merfolk aquamancers
  12 two-headed ogres
  8 ironbound frosthearts
  A satyr (Shoals:3)
  2 death knights
  9 deep troll shamans
  3 jorogumos (Spider:4)
  10 hell hogs (Depths:1)
  29 dancing weapons
  5 tengu warriors
  8 death scarabs (Spider:4)
  4 vampire magi
  A storm dragon zombie (Crypt:3)
  4 orc high priests
  3 soul eaters
  7 spriggans
  8 spriggan berserkers
  8 hell knights
  22 deep elf knights
  2 spectral death yaks (Lair:5)
  2 sun demons (Depths:4)
  6 skysharks
  A fire crab (shapeshifter) (Elf:2)
  2 sixfirhies
  An iron troll (Depths:2)
  31 skeletal warriors
  3 shadow wraiths
  6 sea snakes
  6 pharaoh ants
  A sea snake (shapeshifter) (Vaults:5)
  Lodul (D:13)
  A spectral anaconda (Lair:5)
  3 flayed ghosts
  2 glowing orange brains
  An obsidian statue (Lair:5)
  A deep troll (shapeshifter) (D:13)
  7 orb spiders
  58 deep trolls
  7 deep elf archers
  7 lindwurms
  A spectral jorogumo (Spider:4)
  5 steelbarb worms
  8 wizards
  20 ironbound convokers
  3 spectral wolf spiders
  27 harpies
  16 deep elf zephyrmancers
  7 phantasmal warriors
  A broodmother zombie (Crypt:1)
  29 ugly things
  29 deep elf pyromancers
  10 orc knights
  10 necromancers
  5 wolf spider zombies
  5 orc sorcerers
  10 cyclopes
  19 wolf spiders
  11 moths of wrath
  An iron dragon skeleton (Crypt:3)
  9 fauns
  7 merfolk sirens
  A fire giant skeleton (Crypt:3)
  4 black mambas
  12 manticores
  A stone giant skeleton (Vaults:2)
  15 elephants
  5 water nymphs
  A water nymph (shapeshifter) (D:14)
  7 demonic crawlers
  16 vault sentinels
  3 molten gargoyles (Volcano)
  An orange demon (Depths:3)
  A rust devil (Depths:3)
  3 torpor snails
  A gargoyle (D:12)
  A cane toad (shapeshifter) (D:15)
  A torpor snail (shapeshifter) (Elf:3)
  4 cane toads
  An efreet (Volcano)
  A kobold demonologist (D:10)
  A pale draconian zombie (Crypt:3)
  5 spectral redbacks (Spider:4)
  An elf skeleton (Vaults:4)
  2 rime drakes
  A dire elephant skeleton (Lair:5)
  3 unseen horrors
  7 komodo dragons
  27 yaktaurs
  5 tengu conjurers
  5 freezing wraiths
  6 guardian mummies (Crypt:3)
  A mana viper zombie (Crypt:1)
  A redback zombie (Spider:4)
  2 yaktaur skeletons
  2 meliai (Spider:4)
  28 tarantellas
  24 merfolk
  4 polar bears
  11 trolls
  A minotaur skeleton (Crypt:1)
  An iron troll skeleton (Crypt:2)
  Prince Ribbit (D:8)
  7 hornets
  4 spectral tarantellas (Spider:4)
  A hellwing (Depths:3)
  6 wolf spider simulacra (Spider:2)
  A raiju (shapeshifter) (D:14)
  8 wind drakes
  6 snapping turtles
  A dream sheep (shapeshifter) (Depths:1)
  8 dream sheep
  A culicivora zombie (Spider:4)
  3 spectral jumping spiders (Spider:4)
  A death drake skeleton (Crypt:1)
  A meliai zombie (Crypt:2)
  43 jumping spiders
  7 air elementals
  30 slime creatures
  16 flying skulls
  25 culicivoras
  A jumping spider (shapeshifter) (D:13)
  2 ettin skeletons (Vaults:4)
  A spriggan (shapeshifter) (D:13)
  2 shadows
  21 water elementals
  5 wyverns
  2 basilisks
  7 wraiths
  A black mamba skeleton (Crypt:2)
  3 ice dragon skeletons
  A chaos spawn (D:7)
  33 yaks
  4 fire elementals
  9 humans (D:14)
  Eustachio (D:5)
  2 death yak simulacra (Lair:5)
  56 redbacks
  7 vampire mosquitoes
  2 glowing shapeshifter zombies (Vaults:4)
  An acid dragon (D:9)
  4 spectral cane toads (Lair:5)
  A water nymph zombie (Crypt:2)
  16 water moccasins
  32 orc warriors
  An ice beast (D:6)
  2 sky beasts
  3 black bears
  4 wolves (Lair:4)
  An elephant zombie (Lair:5)
  19 ogres
  A boggart (Vaults:3)
  3 elephant skeletons (Lair:5)
  2 human skeletons
  10 centaurs
  2 phantoms
  An elf zombie (Crypt:2)
  A hog skeleton (Crypt:3)
  4 kobold brigands
  A gnoll sergeant (D:10)
  8 scorpions
  A water moccasin zombie (Crypt:1)
  11 bullfrogs
  3 cane toad simulacra (Lair:5)
  5 earth elementals
  A wyvern skeleton (Crypt:3)
  5 wights (D:6)
  A human simulacrum (Vaults:2)
  5 killer bees (D:8)
  3 howler monkeys
  A raiju skeleton (Crypt:2)
  8 electric eels
  2 centaur zombies (Ossuary)
  3 human zombies
  2 jellies (D:7)
  2 hounds (D:6)
  22 orc priests
  2 gnoll boudas
  Terence (D:3)
  9 scorpion zombies (Ossuary)
  3 iguanas
  28 orc wizards
  A tengu zombie (Crypt:1)
  5 mummies
  A howler monkey zombie (Crypt:2)
  Robin (D:2)
  9 gnolls
  6 adders
  A steam dragon skeleton (Crypt:1)
  2 shadow imps
  A white imp (D:6)
  An ufetubus (D:4)
  3 worms
  2 dart slugs
  101 orcs
  9 ball pythons
  3 bats
  7 endoplasms
  2 giant cockroaches (D:1)
  12 hobgoblins
  6 jackals
  5 quokkas
  2 frilled lizards (D:2)
  10 goblins
  5 goblin zombies
  17 kobolds
  4 kobold zombies (Ossuary)
  2 orc zombies (Ossuary)
  A quokka zombie (Crypt:3)
  4 rats
  2 fire vortices (Volcano)
  A plant (Shoals:4)
2053 creatures vanquished.

Vanquished Creatures (collateral kills)
  A tentacled monstrosity (Vaults:5)
  3 Orb Guardians (Zot:5)
  A lich (Crypt:3)
  A vault warden (Vaults:2)
  3 very ugly things (Depths:1)
  A demonspawn corrupter (Depths:1)
  A deep elf demonologist (Elf:3)
  A merfolk impaler (Shoals:4)
  A merfolk javelineer (Shoals:4)
  3 merfolk avatars (Shoals:4)
  An alligator snapping turtle (Shoals:4)
  A merfolk aquamancer (Shoals:3)
  A spriggan berserker (Depths:3)
  2 hell knights (Depths:1)
  A spriggan (Depths:3)
  A lindwurm (shapeshifter) (Vaults:5)
  A manticore (Shoals:4)
  A meliai (Spider:4)
  A hornet (Depths:3)
  2 merfolk
  A snapping turtle (Shoals:4)
  An acid dragon zombie (Crypt:3)
30 creatures vanquished.

Vanquished Creatures (others)
  An eldritch tentacle (Zot:5)
  A draconian knight (Zot:5)
  A steelbarb worm (Spider:2)
  A deep elf zephyrmancer (Elf:2)
  A culicivora (Spider:1)
  An orc wizard (D:10)
  An orc (D:10)
  A bush (Lair:5)
  17 fungi
  75 plants
  5 tentacles (Shoals:4)
  17 withered plants (Lair:5)
122 creatures vanquished.

Grand Total: 2205 creatures vanquished

Notes
Turn   | Place    | Note
-------+----------+-------------------------------------------
     0 | D:1      | meatpath the Minotaur Berserker began the quest for the
                  | Orb.
     0 | D:1      | Reached XP level 1. HP: 19/19 MP: 0/0
   496 | D:1      | Reached XP level 2. HP: 23/27 MP: 1/1
   566 | D:1      | Reached skill level 4 in Fighting
   764 | D:1      | Reached ** piety under Trog
   900 | D:1      | Reached XP level 3. HP: 33/33 MP: 2/2
  1115 | D:2      | Found Ube Urem's Vocational Training.
  1526 | D:2      | Found a faded altar of an unknown god.
  1681 | D:2      | Noticed Robin
  1689 | D:2      | Killed Robin
  1693 | D:2      | Reached XP level 4. HP: 41/41 MP: 3/3
  2281 | D:3      | Found a bloodstained altar of Trog.
  2421 | D:3      | Found a broken altar of Ashenzari.
  2787 | D:3      | Noticed Terence
  2797 | D:3      | Killed Terence
  2798 | D:3      | Reached skill level 5 in Axes
  2798 | D:3      | Reached XP level 5. HP: 45/47 MP: 4/4
  2985 | D:4      | Noticed a phantom
  2995 | D:4      | Killed a phantom
  2996 | D:4      | Reached skill level 5 in Fighting
  3082 | D:4      | Reached XP level 6. HP: 55/56 MP: 5/5
  3231 | D:4      | Found a sparkling altar of Nemelex Xobeh.
  3231 | D:4      | Found a glowing silver altar of Zin.
  3362 | D:4      | Reached skill level 5 in Armour
  3895 | D:4      | Reached skill level 6 in Fighting
  3994 | D:5      | Entered Level 5 of the Dungeon
  4083 | D:5      | Noticed a water moccasin
  4090 | D:5      | Killed a water moccasin
  4091 | D:5      | Reached XP level 7. HP: 55/64 MP: 6/6
  4367 | D:5      | Reached *** piety under Trog
  4393 | D:5      | Found a staircase to the Ecumenical Temple.
  4430 | D:5      | Noticed Eustachio
  4446 | D:5      | Killed Eustachio
  4677 | D:5      | Reached skill level 7 in Fighting
  4755 | D:6      | Found a sand-covered staircase.
  4764 | Ossuary  | Entered an ossuary
  4930 | Ossuary  | Reached XP level 8. HP: 73/73 MP: 7/7
  5104 | Ossuary  | Reached skill level 8 in Fighting
  5824 | D:6      | Reached **** piety under Trog
  5996 | D:6      | Reached skill level 9 in Fighting
  5996 | D:6      | Reached XP level 9. HP: 43/81 MP: 8/8
  6148 | D:6      | Noticed a komodo dragon
  6157 | D:6      | Killed a komodo dragon
  6494 | D:6      | Found a hide-covered altar of Uskayaw.
  6937 | D:7      | Reached skill level 10 in Fighting
  6958 | D:7      | Reached skill level 10 in Axes
  7655 | D:7      | Found a basalt altar of Yredelemnul.
  7905 | D:8      | Reached skill level 10 in Armour
  8043 | D:8      | Reached XP level 10. HP: 87/94 MP: 9/9
  8249 | D:8      | Found a flagged portal.
  8257 | Bailey   | Entered a bailey
  8326 | Bailey   | Reached ***** piety under Trog
  8372 | Bailey   | Noticed an orc knight
  8372 | Bailey   | Noticed an orc knight
  8584 | D:8      | Found a shadowy altar of Dithmenos.
  8590 | D:8      | Identified the +7 falchion of Meysukh Kofi {protect, rPois
                  | rF+ rC- Int+4}
  8681 | D:8      | Noticed Prince Ribbit
  8694 | D:8      | Killed Prince Ribbit
  9003 | D:8      | Reached skill level 11 in Fighting
  9281 | D:9      | Found an ornate altar of the Wu Jian Council.
  9286 | D:9      | Found a radiant altar of Vehumet.
  9287 | D:9      | Found an iron altar of Okawaru.
  9442 | D:9      | Found an ancient bone altar of Kikubaaqudgha.
  9443 | D:9      | Found a white marble altar of Elyvilon.
  9566 | D:9      | Found a stormy altar of Qazlal.
  9566 | D:9      | Found a blossoming altar of Fedhas.
  9802 | D:9      | Identified a scroll of acquirement
  9803 | D:9      | Acquired a ring of resist corrosion
  9808 | D:10     | Entered Level 10 of the Dungeon
  9821 | D:10     | Found a staircase to the Lair.
  9923 | D:10     | Received a gift from Trog
 10010 | D:10     | Found a transporter.
 10012 | D:10     | Found a transporter.
 10032 | D:10     | Reached skill level 12 in Fighting
 10036 | D:10     | Found a transporter.
 10088 | D:10     | Found a transporter.
 10094 | D:10     | Identified the +3 trident "Onwowal" {heavy, Str-3 Dex+7}
 10192 | D:10     | Found a transporter.
 10434 | D:10     | Found a transporter.
 10600 | D:10     | Reached XP level 11. HP: 78/104 MP: 3/10
 10672 | D:10     | Found a staircase to the Orcish Mines.
 11085 | D:11     | Noticed a two-headed ogre
 11091 | D:11     | Killed a two-headed ogre
 11228 | D:11     | Noticed a two-headed ogre
 11235 | D:11     | Killed a two-headed ogre
 11337 | D:11     | Found a flickering gateway to a bazaar.
 11348 | Bazaar   | Entered a bazaar
 11357 | Bazaar   | Found Fosiocuw's Antique Weapon Emporium.
 11360 | Bazaar   | Found Lyipe's Antique Weapon Shoppe.
 11369 | Bazaar   | Found Ifusami's Antique Armour Shoppe.
 11372 | Bazaar   | Found Siewn's Antique Armour Emporium.
 11450 | Bazaar   | Bought a pair of boots for 117 gold pieces
 11740 | D:11     | Reached skill level 5 in Dodging
 11793 | D:11     | Noticed a green ugly thing
 11802 | D:11     | Killed a green ugly thing
 11803 | D:11     | Reached skill level 13 in Fighting
 11970 | D:12     | Noticed a white ugly thing
 11981 | D:12     | Killed a white ugly thing
 12069 | Lair:1   | Entered Level 1 of the Lair of Beasts
 12466 | Lair:1   | Identified the ring "Uroseeg" {Str+6 Dex+3}
 13014 | Lair:2   | Identified the ring "Zyobrav" {Dex+6 Slay+5}
 13043 | Lair:2   | Noticed a four-headed hydra
 13060 | Lair:2   | Killed a one-headed hydra
 13611 | Lair:2   | Identified the +1 leather armour of the Good {rN+}
 13675 | Lair:2   | Reached XP level 12. HP: 116/116 MP: 3/11
 13679 | Lair:2   | Reached skill level 14 in Fighting
 14330 | Lair:3   | Found a hole to the Spider Nest.
 14507 | Lair:3   | Found a staircase to the Shoals.
 14531 | Lair:3   | Noticed a four-headed hydra
 14542 | Lair:3   | Killed a one-headed hydra
 15041 | Lair:4   | Noticed a six-headed hydra
 15070 | Lair:4   | Killed a one-headed hydra
 15160 | Lair:4   | Found a dark tunnel.
 15165 | Volcano  | Entered a volcano
 15577 | Volcano  | Reached skill level 15 in Fighting
 15577 | Volcano  | Reached skill level 15 in Axes
 16378 | Lair:5   | Entered Level 5 of the Lair of Beasts
 16703 | Lair:5   | Noticed a catoblepas
 16720 | Lair:5   | Killed a catoblepas
 16987 | Lair:5   | Reached XP level 13. HP: 126/127 MP: 0/12
 17002 | Lair:5   | Reached skill level 10 in Dodging
 17085 | Lair:5   | Received a gift from Trog
 17250 | Lair:5   | Reached skill level 16 in Fighting
 17338 | Lair:5   | Noticed a dire elephant
 17338 | Lair:5   | Noticed a dire elephant
 17348 | Lair:5   | Killed a dire elephant
 17535 | Lair:5   | Identified the +2 trident "Nutetuq" {speed, rF+ Dex+3}
 17905 | Lair:5   | Killed a dire elephant
 18439 | Lair:5   | Found a viscous altar of Jiyva.
 18439 | Lair:5   | Found a staircase to the Slime Pits.
 18867 | Lair:5   | Identified the amulet of Foli {Harm Rampage rElec rN+
                  | Regen+}
 19121 | D:12     | Reached skill level 17 in Fighting
 19425 | D:12     | Reached XP level 14. HP: 140/140 MP: 0/13
 19529 | D:12     | Received a gift from Trog
 19839 | D:13     | Noticed Lodul
 19847 | D:13     | Killed Lodul
 19971 | D:13     | Reached skill level 1 in Evocations
 20641 | D:14     | Found Noefo's Assorted Antiques.
 20954 | D:14     | Noticed Louise
 20965 | D:14     | Killed Louise
 21004 | D:14     | Found Xinkeur's Assorted Antiques.
 21281 | D:14     | Found Eneob's Assorted Antiques.
 21517 | D:14     | Reached skill level 18 in Fighting
 21782 | D:14     | Received a gift from Trog
 21936 | D:14     | Found a gate to the Vaults.
 22139 | D:15     | Entered Level 15 of the Dungeon
 22494 | D:15     | Reached skill level 5 in Evocations
 22995 | D:15     | Found a staircase to the Depths.
 22995 | D:15     | Noticed a stone giant
 23001 | D:15     | Killed a stone giant
 23017 | D:15     | Reached XP level 15. HP: 83/150 MP: 1/14
 23426 | Orc:1    | Entered Level 1 of the Orcish Mines
 23479 | Orc:2    | Entered Level 2 of the Orcish Mines
 23550 | Orc:2    | Received a gift from Trog
 23708 | Orc:2    | Found a staircase to the Elven Halls.
 23922 | Orc:2    | Found Naudoali's Magic Scroll Shoppe.
 24055 | Orc:2    | Found Jaomadef's General Store.
 24091 | Orc:2    | Reached skill level 19 in Fighting
 24169 | Orc:2    | Found Iqykuol's General Store.
 24174 | Orc:2    | Bought a potion of heal wounds for 70 gold pieces
 24177 | Orc:2    | Found Zumicy's Jewellery Boutique.
 24187 | Orc:2    | Bought a scroll of enchant weapon for 135 gold pieces
 24208 | Orc:2    | Bought a ring of see invisible for 225 gold pieces
 24356 | Orc:1    | Reached ****** piety under Trog
 24365 | Orc:1    | Identified the +10 battleaxe of Blind Justice {heavy, rN+++
                  | Will- Str+4} (Trog gifted it to you on level 1 of the
                  | Orcish Mines)
 24365 | Orc:1    | Received a gift from Trog
 24616 | Orc:1    | Gained mutation: You do not regenerate when monsters are
                  | visible. [a neqoxec]
 25498 | Spider:1 | Entered Level 1 of the Spider Nest
 25889 | Spider:1 | Received a gift from Trog
 26362 | Spider:1 | Noticed Josephine
 26371 | Spider:1 | Killed Josephine
 26498 | Spider:1 | Noticed an emperor scorpion
 26508 | Spider:1 | Killed an emperor scorpion
 27566 | Spider:1 | Received a gift from Trog
 27759 | Spider:1 | Reached skill level 20 in Fighting
 28278 | Spider:1 | Reached XP level 16. HP: 90/162 MP: 0/15
 28773 | Spider:2 | Noticed Aizul
 28784 | Spider:1 | Killed Aizul
 30354 | Spider:1 | Received a gift from Trog
 30737 | Spider:2 | Reached skill level 15 in Armour
 32603 | Spider:4 | Entered Level 4 of the Spider Nest
 32961 | Spider:4 | Reached skill level 21 in Fighting
 32981 | Spider:4 | Received a gift from Trog
 33035 | Spider:4 | HP: 7/167 [meliai/divine providence (12)]
 34175 | Spider:4 | Reached XP level 17. HP: 173/173 MP: 1/16
 34504 | Spider:4 | Received a gift from Trog
 35811 | Spider:4 | Identified the +0 hat of Yneig {rPois rC- rN+}
 35822 | Spider:4 | Got a gossamer rune of Zot
 36167 | Shoals:1 | Entered Level 1 of the Shoals
 36857 | Shoals:1 | Received a gift from Trog
 37026 | Shoals:1 | Reached skill level 22 in Fighting
 38178 | Shoals:2 | Found Haocuc's Weapon Emporium.
 39101 | Shoals:3 | Received a gift from Trog
 39613 | Shoals:4 | Entered Level 4 of the Shoals
 39621 | Shoals:3 | Noticed Ilsuiw
 40105 | Shoals:3 | Killed Ilsuiw
 40861 | Shoals:4 | Noticed GigaChad's ghost (adept MiFi)
 40919 | Shoals:4 | Found a transporter.
 40932 | Shoals:4 | Found a transporter.
 41083 | Shoals:4 | Reached XP level 18. HP: 117/187 MP: 4/17
 42268 | Shoals:4 | Identified the staff of poison "Ejoetuf" {rPois rF+ rN+
                  | rCorr Int+3}
 42301 | Shoals:4 | Received a gift from Trog
 42887 | Shoals:4 | Got a barnacled rune of Zot
 43176 | Elf:1    | Entered Level 1 of the Elven Halls
 43178 | Elf:1    | Paralysed by an air elemental for 1 turns
 43217 | Elf:1    | Reached skill level 23 in Fighting
 43377 | Elf:1    | Found an ancient bone altar of Kikubaaqudgha.
 43802 | Elf:1    | Found Waenosm's Jewellery Emporium.
 43820 | Elf:1    | Bought a ring of protection from fire for 450 gold pieces
 44129 | Elf:1    | Found Fedumie's Distillery.
 44135 | Elf:1    | Bought a potion of experience for 600 gold pieces
 44135 | Elf:1    | Bought a potion of haste for 120 gold pieces
 44135 | Elf:1    | Bought a potion of resistance for 120 gold pieces
 44135 | Elf:1    | Bought a potion of haste for 120 gold pieces
 44135 | Elf:1    | Bought a potion of resistance for 120 gold pieces
 44146 | Elf:1    | Reached XP level 19. HP: 195/195 MP: 6/18
 44244 | Elf:1    | Paralysed by an air elemental for 1 turns
 44246 | Elf:1    | Received a gift from Trog
 45134 | Elf:2    | Paralysed by an air elemental for 1 turns
 45726 | Elf:2    | Received a gift from Trog
 45876 | Elf:2    | Found a runed translucent gate.
 45877 | Elf:2    | Found a runed translucent gate.
 45877 | Elf:2    | Found a runed translucent gate.
 45942 | Elf:2    | Found a runed translucent door.
 46078 | Elf:2    | Paralysed by an air elemental for 1 turns
 47231 | Elf:3    | Entered Level 3 of the Elven Halls
 47308 | Elf:3    | Reached skill level 24 in Fighting
 47430 | Elf:3    | Received a gift from Trog
 47563 | Elf:3    | Paralysed by an air elemental for 1 turns
 47568 | Elf:3    | Reached XP level 20. HP: 127/206 MP: 4/19
 49136 | Elf:3    | Identified the +7 morningstar of Gallantry {speed, rCorr}
 49136 | Elf:3    | Identified the ring "Heutiem" {rF+ rC+ Will+ Int+4 Stlth-}
 49645 | Elf:3    | Identified the amulet "Ugunwegi" {Regen+ Slay+2 Stlth+}
 49825 | Elf:3    | Noticed Mara
 50182 | Elf:3    | Killed Mara
 50182 | Elf:3    | Received a gift from Trog
 50821 | Elf:3    | Identified the amulet "Qacoloha" {Spirit Harm rPois rN++
                  | Str-2}
 50844 | Elf:3    | Identified the +12 arbalest of Past Mistakes {penet, rF-
                  | rC+ MP+9 Dex+2}
 51195 | Depths:1 | Entered Level 1 of the Depths
 51884 | Depths:1 | Reached skill level 25 in Fighting
 52042 | Depths:1 | Received a gift from Trog
 52370 | Depths:1 | Found Urghebie's Armour Shoppe.
 52371 | Depths:1 | Found a one-way gate to the infinite horrors of the Abyss.
 52509 | Depths:1 | Found a shadowy altar of Dithmenos.
 52982 | Depths:1 | Found Efiseero's Antique Weapon Shop.
 53188 | Depths:1 | Found Ynirugut's Jewellery Shoppe.
 53240 | Depths:1 | Found a gateway to Hell.
 53652 | Depths:1 | Lost mutation: You do not regenerate when monsters are
                  | visible. [potion of mutation]
 53652 | Depths:1 | Gained mutation: Your natural rate of healing is unusually
                  | fast. [potion of mutation]
 53652 | Depths:1 | Gained mutation: Your spells are a little harder to cast,
                  | but a little more powerful. [potion of mutation]
 53784 | Depths:2 | Received a gift from Trog
 53848 | Depths:1 | Reached skill level 15 in Dodging
 53941 | Depths:2 | Noticed a juggernaut
 53957 | Depths:2 | Killed a juggernaut
 53958 | Depths:2 | Reached XP level 21. HP: 176/220 MP: 0/20
 54101 | Depths:2 | Reached skill level 26 in Fighting
 54648 | Depths:2 | Received a gift from Trog
 54736 | Depths:2 | Found a one-way gate leading to the halls of Pandemonium.
 55125 | Depths:2 | Found a shimmering altar of Xom.
 55602 | Depths:2 | Identified the +5 rapier "Hydra's Death" {drain, *Corrode
                  | +Blink rF+ rN+}
 55764 | Depths:3 | Upgraded the game from 0.30-a0-1116-gebefce21f7 to
                  | 0.30-a0-1123-gabc949cf19
 55889 | Vaults:1 | Entered Level 1 of the Vaults
 56182 | Vaults:1 | Received a gift from Trog
 57042 | Vaults:1 | Reached skill level 27 in Fighting
 57808 | Vaults:2 | Received a gift from Trog
 57955 | Vaults:2 | Found Laxaeq's Antique Weapon Shoppe.
 58179 | Vaults:2 | Received a gift from Trog
 58318 | Vaults:2 | Reached XP level 22. HP: 233/233 MP: 0/21
 58825 | Vaults:2 | Identified the +5 great sword of Xuroxop {flame, Will++
                  | Str+2} (Trog gifted it to you on level 2 of the Vaults)
 58825 | Vaults:2 | Received a gift from Trog
 59383 | Vaults:2 | Found a staircase to the Crypt.
 59995 | Vaults:3 | Received a gift from Trog
 60559 | Vaults:3 | Reached skill level 10 in Evocations
 61079 | Vaults:3 | Received a gift from Trog
 62377 | Vaults:4 | Received a gift from Trog
 63002 | Crypt:1  | Entered Level 1 of the Crypt
 63876 | Crypt:1  | Noticed Xtahua
 63889 | Crypt:1  | Killed Xtahua
 63889 | Crypt:1  | Received a gift from Trog
 63890 | Crypt:1  | Reached XP level 23. HP: 212/240 MP: 3/22
 64745 | Crypt:2  | Noticed Boris
 64752 | Crypt:2  | Killed Boris
 65239 | Crypt:2  | Noticed Zenata
 65252 | Crypt:2  | Killed Zenata
 65715 | Crypt:2  | Received a gift from Trog
 65964 | Crypt:3  | Entered Level 3 of the Crypt
 66809 | Crypt:3  | Received a gift from Trog
 67032 | Crypt:3  | Noticed an ancient lich
 67047 | Crypt:3  | Killed an ancient lich
 67161 | Crypt:3  | Noticed an ancient lich
 67369 | Crypt:3  | Killed an ancient lich
 67381 | Crypt:3  | Identified the ring "Jophad" {rPois rN+}
 67391 | Crypt:3  | Identified the staff of earth "Ymaur" {Int+5}
 67457 | Crypt:3  | Identified the +8 trident of Dissolution {protect, rC+
                  | Will+ rCorr Int-2}
 67573 | Crypt:3  | Found a staircase to the Tomb.
 68260 | Depths:3 | You fall into a shaft and drop 1 floor!
 68260 | Depths:4 | Entered Level 4 of the Depths
 68339 | Depths:4 | Noticed Boris
 68346 | Depths:4 | Killed Boris
 68625 | Depths:3 | Received a gift from Trog
 69729 | Depths:4 | Noticed Frederick
 69749 | Depths:4 | Killed Frederick
 69750 | Depths:4 | Reached XP level 24. HP: 92/249 MP: 0/22
 70146 | Depths:4 | Found a one-way gateway to a ziggurat.
 70146 | Depths:4 | Noticed Mennas
 70167 | Depths:4 | Killed Mennas
 70297 | Depths:4 | Found a blossoming altar of Fedhas.
 70321 | Depths:4 | Found a portal to a secret trove of treasure.
 70355 | Depths:4 | Noticed Margery
 70367 | Depths:4 | Killed Margery
 70369 | Depths:4 | Reached skill level 15 in Evocations
 70536 | Depths:4 | Found a gate to the Realm of Zot.
 70926 | Vaults:5 | Entered Level 5 of the Vaults
 70966 | Vaults:5 | Got a silver rune of Zot
 70993 | Vaults:5 | Received a gift from Trog
 71549 | Vaults:5 | Received a gift from Trog
 71662 | Vaults:5 | Identified the +7 falchion of Instinct {vamp, rF++ Will++
                  | Str-4}
 71662 | Vaults:5 | Identified the ring of Imueqeum {rElec rN+ rCorr}
 71783 | Vaults:5 | Identified the ring "Fovug" {rC+ Dex+5}
 71808 | Vaults:5 | Identified the +6 halberd of Success {flame, Str-3 Int+6}
 71940 | Vaults:5 | Identified the +0 plate armour "Vefylut" {rElec Str+2
                  | Dex-4}
 72092 | Vaults:5 | Identified the +10 dagger "Aplass" {protect, rN++ Str-3
                  | Dex+3}
 72146 | Vaults:5 | Received a gift from Trog
 72570 | Vaults:5 | Identified the +0 helmet of Limitation {*Slow Regen+ Dex+5}
 72603 | Vaults:5 | Identified the scarf "Wiwiosch" {rC+ rF+, Will+ Int+3
                  | Dex+3}
 72966 | Vaults:5 | Identified the staff of fire "Pivesm" {rF+ rC- rN++ Dex+2
                  | SInv}
 73057 | Vaults:5 | Identified the +4 flail "Maminuhu" {heavy, rC+}
 73869 | D:14     | Bought a potion of haste for 380 gold pieces
 73869 | D:14     | Bought a potion of might for 152 gold pieces
 73869 | D:14     | Bought a potion of heal wounds for 190 gold pieces
 74031 | Orc:2    | Bought a scroll of blinking for 135 gold pieces
 74031 | Orc:2    | Bought a scroll of teleportation for 54 gold pieces
 74031 | Orc:2    | Bought a scroll of teleportation for 54 gold pieces
 74031 | Orc:2    | Bought a scroll of teleportation for 54 gold pieces
 74320 | Zot:1    | Entered Level 1 of the Realm of Zot
 74407 | Zot:2    | Reached XP level 25. HP: 176/257 MP: 0/22
 74408 | Zot:2    | Received a gift from Trog
 74971 | Zot:5    | Entered Level 5 of the Realm of Zot
 75262 | Zot:5    | Noticed an ancient lich
 75272 | Zot:5    | Killed an ancient lich
 75277 | Zot:5    | Noticed a dread lich
 75292 | Zot:5    | Killed a dread lich
 75460 | Zot:5    | Noticed an orb of fire
 75462 | Zot:5    | Gained mutation: Your body sometimes deteriorates upon
                  | taking damage. [an orb of fire]
 75465 | Zot:5    | Noticed a Killer Klown
 75471 | Zot:5    | Noticed an orb of fire
 75476 | Zot:5    | Killed an orb of fire
 75477 | Zot:5    | Noticed an orb of fire
 75478 | Zot:5    | Killed a Killer Klown
 75478 | Zot:5    | Noticed an orb of fire
 75479 | Zot:5    | Noticed an orb of fire
 75479 | Zot:5    | Noticed an orb of fire
 75480 | Zot:5    | Gained mutation: You are weak. (Str -2) [an orb of fire]
 75481 | Zot:5    | Gained mutation: You are vulnerable to heat. (rF-) [an orb
                  | of fire]
 75485 | Zot:5    | Noticed an orb of fire
 75486 | Zot:5    | Gained mutation: Your magical capacity is low. (-10% MP)
                  | [an orb of fire]
 75490 | Zot:5    | Killed an orb of fire
 75491 | Zot:5    | Killed an orb of fire
 75494 | Zot:5    | Killed an orb of fire
 75496 | Zot:5    | Killed an orb of fire
 75498 | Zot:5    | Killed an orb of fire
 75503 | Zot:5    | Killed an orb of fire
 75544 | Zot:5    | Noticed an orb of fire
 75546 | Zot:5    | Noticed an orb of fire
 75619 | Zot:5    | Killed an orb of fire
 75629 | Zot:5    | Killed an orb of fire
 75634 | Zot:5    | Noticed an orb of fire
 75639 | Zot:5    | Gained mutation: You occasionally shout uncontrollably at
                  | your foes. [an orb of fire]
 75645 | Zot:5    | Gained mutation: Your body often deteriorates upon taking
                  | damage. [an orb of fire]
 75648 | Zot:5    | Killed an orb of fire
 75794 | Zot:5    | Noticed an orb of fire
 75795 | Zot:5    | Gained mutation: You have hidden genetic defects. [an orb
                  | of fire]
 75803 | Zot:5    | Killed an orb of fire
 75812 | Zot:5    | Identified the +8 broad axe of Trog's Delight {heavy,
                  | Will+} (Trog gifted it to you on level 5 of the Realm of
                  | Zot)
 75812 | Zot:5    | Received a gift from Trog
 75814 | Zot:5    | Noticed a Killer Klown
 75851 | Zot:5    | Killed a Killer Klown
 75918 | Zot:5    | Noticed an orb of fire
 75940 | Zot:5    | Killed an orb of fire
 76055 | Zot:5    | Got the Orb of Zot
 76287 | Depths:4 | Noticed Tujagi the pandemonium lord
 76344 | Depths:1 | Gained mutation: You frequently scream uncontrollably at
                  | your foes. [a cacodemon]
 76347 | Depths:1 | Gained mutation: You occasionally lose the ability to read
                  | scrolls when taking damage. [a cacodemon]
 76368 | Depths:1 | Lost mutation: Your spells are a little harder to cast, but
                  | a little more powerful. [a cacodemon]
 76504 | D:8      | Noticed Cocib the pandemonium lord
 76589 | D:6      | Noticed Gagek the pandemonium lord
 76600 | D:5      | Gained mutation: You are occasionally teleported next to
                  | monsters. [a neqoxec]
 76687 | D:$      | Escaped with the Orb!

Illustrated notes

Levels and vault maps discovered:
D:1:      dpeg_arrival_shelter, layout_loops_ring, serial_co_window_serial,
          co_window_corner_a, co_window_corner_a, co_window_of_opportunity_a,
          co_window_corner_a, co_window_paths_a, co_window_2corner,
          co_window_corner_cb, co_window_2corner, co_window_4corner_a,
          glass_columns_c, glass_columns_b, glass_columns_a
D:2:      layout_loops_corners, shapermc_ecumenical_altar_pompeii,
          nicolae_shop_vocational, uniq_robin
D:3:      layout_loops_cross, nicolae_ashenzari_skybound,
          nicolae_overflow_crystal_walls, feat_on_display, uniq_terence
D:4:      layout_loops_corners, nicolae_overflow_two_pavilions
D:5:      layout_loops_ring, minmay_temple_entry_drinking_statues,
          uniq_eustachio
D:6:      layout_basic, nicolae_uskayaw_dance_studio,
          nicolae_ossuary_entry_monument
D:7:      layout_basic, kennysheep_mini_moat, serial_bayou,
          serial_bayou_shore_b, serial_bayou_pond_a, serial_bayou_pond_e,
          serial_bayou_pond_e, serial_bayou_pond_e, serial_bayou_pond_b,
          st_stairs_9, kennysheep_nub, kennysheep_crisscross,
          lightli_orcish_oven
D:8:      layout_basic, mainiacjoe_overflow_tiny_flanked, enter_bailey_2,
          minmay_misc_feat_tower, uniq_prince_ribbit1
D:9:      layout_rooms, grunt_temple_overflow_forces_of_nature, minitemple,
          mainiacjoe_overflow_divided_tiny
D:10:     layout_basic, dpeg_oklobed_lair, orc_0_dummy, serial_bayou_lagoon_a,
          serial_nicolae_subway, nicolae_sub_station_crystal,
          nicolae_sub_station_stone, nicolae_sub_station_metal
D:11:     layout_small_grid, serial_shops, bzr_entry_islet,
          kennysheep_minor_cross
D:12:     layout_rooms, grunt_ministairs_8
D:13:     layout_cave_pools, reono_crystal_passage, uniq_lodul
D:14:     layout_long_grid, ximxim_vaults_locker_room, dk_noncrumbling_2,
          serial_shops, nicolae_shop_waterfront, kennysheep_mini, shop,
          kennysheep_inner_square, uniq_louise
D:15:     grunt_enter_depths_snipers, layout_cross, chequers_garden,
          grunt_ministairs_15
Lair:1:   layout_small_grid
Lair:2:   layout_misc_corridors, pdpol_lair_cavern_descent
Lair:3:   layout_roguey, minmay_shoals_entry_centaurs,
          spider_nest_entry_web_field, nicolae_lair_lil_pond,
          dreamdust_gnoll_shepherd
Lair:4:   layout_big_grid, enter_volcano_4, cheibrodos_lair_caveside_slide
Lair:5:   due_jungle_book, layout_loops_ring, dpeg_slime_entry_corner,
          infiniplex_staircase_pool
Shoals:1: layout_shoals, nicolae_shoals_stone_sculpture_thing,
          nicolae_shoals_lost_giant_baths
Shoals:2: layout_shoals, nicolae_stop_n_shop_2
Shoals:3: layout_shoals, abandoned_shop, uniq_ilsuiw
Shoals:4: shoals_end_hangedman, layout_shoals,
          gammafunk_ghost_berserking_beasts, abandoned_shop
Spider:1: layout_spider_delve, uniq_josephine
Spider:2: layout_spider_delve, nicolae_spider_undead_wolf_pack, uniq_aizul
Spider:3: layout_chambers, drop_trap
Spider:4: floodkiller_spider_rune_tomb
Orc:1:    layout_diamond_mine, minmay_orc_temple_c
Orc:2:    st_orc_elflike, layout_caves, special_room
Elf:1:    nicolae_elf_arrival_fired_up, layout_onion_city, basic_altar,
          serial_shops, shop, shop, kennysheep_underground_church,
          grunt_ministairs_11, drop_trap
Elf:2:    nicolae_elf_blades_crystal_corner, layout_loops_ring, minivault_13
Elf:3:    elf_hall_gauntlet_wide, layout_gridlike, uniq_mara
Vaults:1: vaults_mumra_lcd, vaults_room_boxed, ontoclasm_vaults_gateway,
          nicolae_vaults_network_quinsquares
          [nicolae_vaults_network_quincunx_subvault,
          nicolae_vaults_network_quincunx_subvault,
          nicolae_vaults_network_quincunx_subvault,
          nicolae_vaults_network_quincunx_subvault],
          nicolae_vaults_windows_and_doors_thing, nicolae_vaults_specimen_jars,
          vaults_dpeg_ring, layout_vaults_quadrants
Vaults:2: minmay_crypt_entry_nasty_monster, st_star,
          ontoclasm_vaults_loading_screen, vaults_room_fancy_cross,
          nicolae_vaults_border_crossing, vaults_room_grid,
          vaults_room_large_hall, vaults_room_pools, vaults_room_fours,
          vaults_room_hallway, hangedman_vaults_snaps, layout_vaults_omnibox,
          serial_shops, shop_statue
Vaults:3: v_misc_11, nicolae_vaults_rhombus_7, vaults_room_corners,
          nicolae_vaults_display_case, v_pattern_3, nicolae_vaults_network_s,
          v_misc_13, serial_ice_b, ontoclasm_vaults_chip, layout_vaults_big_room
Vaults:4: vaults_room_octagon, nicolae_vaults_inception_statues,
          nicolae_vaults_network_periphery, ontoclasm_vaults_loading_screen,
          hangedman_vaults_restitches, grunt_vaults_focal, v_pattern_4,
          v_misc_29, ontoclasm_vaults_fault, grunt_vaults_twisty,
          grunt_vaults_diagonal, layout_vaults_maze
Vaults:5: serial_shops
Crypt:1:  layout_catacombs, minivault_19, moated_statue, lemuel_upstairs_altar,
          uniq_xtahua
Crypt:2:  layout_catacombs, serial_sigils, serial_sigils_hangedman_quiver,
          serial_sigils_hangedman_confine, serial_sigils_hangedman_etch,
          serial_sigils_hangedman_snap, serial_sigils_hangedman_quiver,
          serial_sigils_hangedman_stare, uniq_zenata, uniq_boris, uniq_josephina
Crypt:3:  david_glass_crypt, layout_misc_corridors, tomb_entry_pyramid_bobbens
Depths:1: layout_gridlike, nicolae_dithmenos_shadow_blocks, serial_shops, shop,
          shop, nicolae_take_the_stairs, abyss_entry, grunt_hell_horde,
          nicolae_figureground_sparkle, kennysheep_random_hallway
Depths:2: nzn_winding_woodlands_stair_cross [nzn_winding_woodlands_5x15_twine,
          nzn_winding_woodlands_center_diamonds,
          nzn_winding_woodlands_5x15_pool,
          nzn_winding_woodlands_5x5_closed_star,
          nzn_winding_woodlands_5x5_default,
          nzn_winding_woodlands_5x15_concentric,
          nzn_winding_woodlands_center_lodge,
          nzn_winding_woodlands_5x15_river_crossing], layout_gridlike,
          xom_teletrap_fun, grunt_pan_entry_zigzag, pf_hell_entry_tar_spiral,
          nicolae_fountain_basement
Depths:3: cross_vault, layout_cave_shapes, pf_coc_iceberg,
          rand_demon_pan_entry_1, abyss_entry_glasseish, serial_shops,
          shop_fountains, chequers_serial_rivers_room_a,
          eino_small_chamber_without_monster, uniq_saint_roka
Depths:4: grunt_zot_entry_gee_three, layout_cave_shapes, enter_ziggurat_c,
          hell_entry, enter_trove_0, serial_shops, bzr_entry_gold,
          fedhas_altar_fruit_tree, abyss_entry, hangedman_decor_slide_cut,
          hangedman_abyss_or_decor_clamps, uniq_margery, uniq_frederick,
          uniq_mennas
Zot:1:    layout_onion, uniq_tiamat
Zot:2:    layout_gridlike, grunt_megastairs_1
Zot:3:    layout_cathedral_of_symmetry, ebering_ghost_reflecting_pool
Zot:4:    layout_basic, grunt_megastairs_2
Zot:5:    layout_gridlike, basic_altar, gammafunk_ghost_tricky_traps

Skill      XL: |  1  2  3  4  5  6  7  8  9 10 11 12 13 14 15 16 17 18 19 20 21 22 23 24 25 |
---------------+----------------------------------------------------------------------------+-----
Fighting       | 4 5 6 7 9 10 12 13 15 17 18 20 21 22 23 24 25 27 | 27.0
Axes           | 4 5 6 7 9 10 12 13 15 17 18 20 21 22 23 24 | 24.3
Armour         | 3 4 5 6 8 10 11 12 14 16 18 19 20 | 20.4
Dodging        | 3 7 9 12 15 17 20 22 24 26 | 26.5
Evocations     | 5 7 11 14 17 19 | 19.4

Action                     |  1- 3 |  4- 6 |  7- 9 | 10-12 | 13-15 | 16-18 | 19-21 | 22-24 | 25-27 || total
---------------------------+-------+-------+-------+-------+-------+-------+-------+-------+-------++-------
  Melee: Hand axe          |    77 |   114 |   191 |    29 |       |       |       |       |       ||   411
         Headbutt          |    10 |    18 |    61 |    98 |   176 |   188 |   221 |   476 |   108 ||  1356
         Punch             |       |     1 |     2 |       |     1 |       |       |       |       ||     4
         War axe           |       |       |    67 |       |       |       |       |       |       ||    67
         Battleaxe         |       |       |    68 |   499 |   265 |       |       |       |       ||   832
         Broad axe         |       |       |       |       |    11 |       |       |       |       ||    11
         Executioner's axe |       |       |       |       |   550 |   842 |   907 |  1420 |   304 ||  4023
  Throw: Throwing net      |       |       |       |       |       |     1 |     2 |       |       ||     3
 Invoke: Berserk           |     2 |     3 |     8 |     3 |     5 |     3 |       |       |       ||    24
         Brothers in Arms  |       |       |       |       |       |     6 |     5 |     7 |     9 ||    27
         Trog's Hand       |       |       |       |       |       |     4 |     7 |    10 |    14 ||    35
  Evoke: Wand              |       |       |       |       |       |       |       |       |    13 ||    13
         Box of beasts     |       |       |       |       |       |       |       |       |     1 ||     1
    Use: Scroll            |       |     5 |    14 |     9 |    13 |    18 |     5 |    12 |     8 ||    84
         Potion            |       |       |       |     1 |    10 |     5 |     6 |     1 |    30 ||    53
   Stab: Distracted        |       |       |       |       |       |     1 |       |     2 |       ||     3
 Armour: Animal skin       |     7 |       |       |       |       |       |       |       |       ||     7
         Chain mail        |       |    24 |       |       |       |       |       |       |       ||    24
         Plate armour      |       |    11 |   209 |   366 |   602 |   767 |   524 |   643 |   136 ||  3258
  Dodge: Dodged            |    60 |    60 |   163 |   335 |   589 |   772 |   463 |   806 |   228 ||  3476

Table legend: (Time is in decaauts)
 A = Elapsed time spent in this place.
 B = Non-inter-level travel time spent in this place.
 C = Inter-level travel time spent in this place.
 D = Time resting spent in this place.
 E = Time spent auto-exploring this place.
 F = Levels seen in this place.
 G = Mean time per level.
                   A        B        C        D        E       F      G
               +--------+--------+--------+--------+--------+-----+--------+
         Total |  76520 |  72722 |   3798 |  25356 |  29119 |  54 | 1417.0 |
       Dungeon |  17364 |  16018 |   1346 |   4530 |   8196 |  15 | 1157.6 |
          Lair |   6357 |   5989 |    368 |   1698 |   3101 |   5 | 1271.4 |
        Shoals |   7158 |   6948 |    210 |   3388 |   1817 |   4 | 1789.5 |
   Spider Nest |  10703 |  10503 |    200 |   5899 |   1669 |   4 | 2675.8 |
  Orcish Mines |   2154 |   1878 |    276 |    364 |    806 |   2 | 1077.0 |
   Elven Halls |   7780 |   7618 |    162 |   3498 |   2635 |   3 | 2593.3 |
        Vaults |   9641 |   9103 |    538 |   1356 |   5081 |   5 | 1928.2 |
         Crypt |   4936 |   4751 |    185 |    983 |   2721 |   3 | 1645.3 |
        Depths |   6949 |   6440 |    509 |   2037 |   2906 |   4 | 1737.2 |
           Zot |   1806 |   1806 |      0 |    803 |      0 |   5 |  361.2 |
        Bazaar |    119 |    119 |      0 |      0 |      0 |   1 |  119.0 |
       Ossuary |    648 |    648 |      0 |    236 |    156 |   1 |  648.0 |
        Bailey |    122 |    122 |      0 |     16 |     30 |   1 |  122.0 |
       Volcano |    777 |    777 |      0 |    545 |      0 |   1 |  777.0 |
               +--------+--------+--------+--------+--------+-----+--------+

Top non-repeatable levels by time:
Spider:1: 4573 daAuts
   Elf:2: 3484 daAuts
Spider:4: 3314 daAuts
   Elf:3: 2702 daAuts
Shoals:4: 2497 daAuts
Depths:1: 2442 daAuts
Vaults:5: 2406 daAuts
  Lair:5: 2318 daAuts
Vaults:1: 2033 daAuts
Spider:3: 1999 daAuts
Vaults:2: 1974 daAuts
Depths:2: 1966 daAuts
    D:14: 1950 daAuts
    D:15: 1900 daAuts
 Crypt:3: 1793 daAuts
